 Dungeon Crawl Stone Soup version 0.31-a0-360-gb3e1d13bf4 (webtiles) character file.

Game seed: 18391456670207167109

1463024 PaperRat the Swordfish (level 27, 230/230 HPs)
             Began as a Merfolk Artificer on July 26, 2023.
             Was a High Priest of Elyvilon.
             Escaped with the Orb
             ... and 3 runes on July 28, 2023!
             The game lasted 07:35:44 (91299 turns).

PaperRat the Swordfish (Merfolk Artificer)         Turns: 91299, Time: 07:35:44

Health: 230/230    AC: 27    Str: 12    XL:     27
Magic:  30/35      EV: 44    Int: 12    God:    Elyvilon [*****.]
Gold:   2519       SH: 14    Dex: 34    Spells: 13/26 levels left

rFire   + . .        a - +9 scimitar (flame)
rCold   + . .        s - +3 buckler {AC+3}
rNeg    + + .        v - +3 leather armour {rC+ rF+}
rPois   +            i - +3 crown of Dyrovepreva {rElec Int+2 SInv}
rElec   +            R - +4 dragonskin cloak
rCorr   .            Q - +2 pair of gloves {hurl}
SInv    +            q - +2 pair of boots {Stlth+}
Will    +++..        e - amulet of the Swan {Faith +Inv rN++ Will+ Str-2}
Stlth   +++          N - ring "Voyhuc" {rElec rPois Dex+7 Slay-2}
HPRegen 0.58/turn    j - ring of the Octopus King {Wiz HP+2 AC+2 EV+2 SH+2, =R}
MPRegen 0.24/turn

%: faith, wizardry (x1)
@: studying 2 skills
A: (nimble swimmer 2), mertail, camouflage 2
0: Orb of Zot
}: 3/15 runes: barnacled, slimy, gossamer
a: Renounce Religion, Evoke Invisibility, Purification, Heal Other, Heal Self,
Divine Vigour


You escaped.
You worshipped Elyvilon.
Elyvilon was extremely pleased with you.
You visited 12 branches of the dungeon, and saw 54 of its levels.
You also visited: Trove, Bailey and Ice Cave.

You collected 8969 gold pieces.
You spent 6450 gold pieces at shops.

Inventory:

Hand Weapons
 a - a +9 scimitar of flaming (weapon)
Missiles
 f - 12 silver javelins
 D - 18 boomerangs (quivered)
 F - 8 curare-tipped darts
 G - 8 javelins
 I - 5 boomerangs of dispersal
 S - 2 throwing nets {!f}
Armour
 i - the +3 crown of Dyrovepreva (worn) {rElec Int+2 SInv}
   (You found it on level 14 of the Dungeon)

   Int:       It affects your intelligence (+2).
   rElec:     It insulates you from electricity.
   SInv:      It lets you see invisible.
 q - a +2 pair of boots of stealth (worn)
 r - the +0 helmet of Resourcefulness {Int+4 Dex+3 Slay+5 Stlth+}
   (You bought it in a shop on level 1 of the Elven Halls)

   Int:       It affects your intelligence (+4).
   Dex:       It affects your dexterity (+3).
   Slay:      It affects your accuracy & damage with ranged weapons and melee
   (+5).
   Stlth:     It makes you more stealthy.
 s - a +3 buckler of protection (worn)
 v - a +3 leather armour of resistance (worn)
 Q - a +2 pair of gloves of hurling (worn)
 R - the +4 dragonskin cloak (worn)
   (You took it off Tiamat on level 2 of the Realm of Zot)

   Avatar's Aegis: It grants the wearer a chance to resist fire, cold, poison,
   electricity, acid, and negative energy.
Jewellery
 e - the amulet of the Swan (around neck) {Faith +Inv rN++ Will+ Str-2}
   (You found it on level 2 of the Spider Nest)

   [amulet of faith]

   It allows you to gain divine favour quickly.
   Str:       It affects your strength (-2).
   rN:        It greatly protects you from negative energy.
   +Inv:      It lets you turn invisible.
   Will:      It increases your willpower.
 j - a ring of the Octopus King (right hand) {Wiz HP+2 AC+2 EV+2 SH+2, =R}
   (You found it on level 3 of the Elven Halls)

   [ring of wizardry]

   It improves your spell success rate.
   AC:        It affects your AC (+2).
   EV:        It affects your evasion (+2).
   HP:        It affects your health (+2).
   SH:        It affects your SH (+2).
 t - the ring of Zaneomuth {rCorr Dex+3}
   (You acquired it on level 2 of the Spider Nest)

   [ring of resist corrosion]

   Dex:       It affects your dexterity (+3).
   rCorr:     It protects you from acid and corrosion.
 N - the ring "Voyhuc" (left hand) {rElec rPois Dex+7 Slay-2}
   (You bought it in a shop on level 3 of the Elven Halls)

   [ring of poison resistance]

   Dex:       It affects your dexterity (+7).
   Slay:      It affects your accuracy & damage with ranged weapons and melee
   (-2).
   rElec:     It insulates you from electricity.
   rPois:     It protects you from poison.
 O - a ring of willpower
 W - a ring of protection from fire
Wands
 b - a wand of iceblast (35)
 c - a wand of quicksilver (18)
 d - a wand of digging (20)
 n - a wand of charming (23)
 z - a wand of mindburst (10)
Scrolls
 g - 2 scrolls of poison
 o - 11 scrolls of blinking {@r5}
 y - 11 scrolls of vulnerability
 A - 10 scrolls of teleportation {@r3}
 L - 9 scrolls of fog {@r2}
 M - 7 scrolls of fear {@r4}
 P - a scroll of revelation
 U - 3 scrolls of butterflies {@r6}
 Y - 5 scrolls of immolation
Potions
 h - 2 potions of resistance
 k - 18 potions of curing {@q1}
 l - 3 potions of might {@q3}
 p - 2 potions of cancellation
 u - 7 potions of lignification
 w - 4 potions of magic
 x - 8 potions of mutation {@q7}
 E - 11 potions of heal wounds {@q2}
 H - 4 potions of invisibility
 J - 4 potions of enlightenment {@q6}
 T - 4 potions of haste {@q4}
Miscellaneous
 B - a phantom mirror
 C - a tin of tremorstones (inert)
 V - a lightning rod (4/4)
 X - a sack of spiders
 Z - a phial of floods


   Skills:
 + Level 21.2 Fighting
 - Level 5.8(18.8) Short Blades
 O Level 27 Long Blades
 - Level 16.0 Throwing
 - Level 9.0 Armour
 - Level 24.8 Dodging
 + Level 12.9 Stealth
 - Level 8.0 Shields
 - Level 10.0 Translocations
 - Level 6.0 Transmutations
 - Level 2.0 Earth Magic
 - Level 16.0 Invocations
 + Level 19.2 Evocations


You had 13 spell levels left.
You knew the following spells:

 Your Spells              Type           Power      Damage    Failure   Level
a - Passage of Golubria   Tloc           24%        N/A       3%          4
b - Manifold Assault      Tloc           24%        N/A       3%          4
g - Passwall              Tmut/Erth      7%         N/A       6%          2
t - Blink                 Tloc           48%        N/A       1%          2
z - Apportation           Tloc           48%        N/A       1%          1

Your spell library contained the following spells:

 Spells                   Type           Power      Damage    Failure   Level
 Lesser Beckoning         Tloc           48%        N/A       1%          2
 Teleport Other           Tloc           24%        N/A       1%          3
 Wereblood                Tmut           14%        N/A       2%          2
 Momentum Strike          Conj/Tloc      24%        3d8       4%          2
 Sting                    Tmut/Pois      28%        1d4       6%          1
 Vhi's Electric Charge    Tloc/Air       24%        N/A       9%          3
 Volatile Blastmotes      Fire/Tloc      24%        2d12      9%          3
 Freeze                   Ice            0%         1d3       21%         1
 Magic Dart               Conj           0%         1d3       21%         1
 Necrotise                Necr           0%         1d4       21%         1
 Summon Small Mammal      Summ           0%         N/A       21%         1
 Iskenderun's Mystic Bla  Conj/Tloc      12%        2d5       26%         4
 Call Imp                 Summ           0%         N/A       32%         2
 Cigotuvi's Dreadful Rot  Necr/Pois/Air  0%         N/A       32%         2
 Ensorcelled Hibernation  Hex/Ice        0%         N/A       32%         2
 Poisonous Vapours        Pois/Air       0%         N/A       32%         2
 Searing Ray              Conj           0%         2d4       32%         2
 Static Discharge         Conj/Air       0%         2-2/arc   32%         2
 Sublimation of Blood     Necr           0%         N/A       32%         2
 Stone Arrow              Conj/Erth      4%         3d7       38%         3
 Dispersal                Tloc           12%        N/A       45%         6
 Dazzling Flash           Conj/Hex       0%         N/A       52%         3
 Hailstorm                Conj/Ice       0%         3d3       52%         3
 Inner Flame              Hex/Fire       0%         N/A       52%         3
 Mephitic Cloud           Conj/Pois/Air  0%         N/A       52%         3
 Ozocubu's Armour         Ice            0%         N/A       52%         3
 Summon Guardian Golem    Hex/Summ       0%         N/A       52%         3
 Swiftness                Air            0%         N/A       52%         3
 Vampiric Draining        Necr           0%         2d6       52%         3
 Summon Forest            Summ/Tloc      6%         N/A       56%         5
 Animate Armour           Summ/Erth      4%         N/A       77%         4
 Leda's Liquefaction      Hex/Erth       1%         N/A       77%         4
 Irradiate                Conj/Tmut      3%         3d12      83%         5
 Yara's Violent Unravell  Hex/Tmut       3%         3d4       83%         5
 Airstrike                Air            0%         2d(0-16)  88%         4
 Anguish                  Hex/Necr       0%         N/A       88%         4
 Cause Fear               Hex            0%         N/A       88%         4
 Dispel Undead            Necr           0%         3d6       88%         4
 Flame Wave               Conj/Fire      0%         2d4       88%         4
 Fulminant Prism          Conj/Hex       0%         3d5       88%         4
 Olgreb's Toxic Radiance  Pois           0%         N/A       88%         4
 Sticky Flame             Conj/Fire      0%         2d3       88%         4
 Summon Ice Beast         Ice/Summ       0%         N/A       88%         4
 Summon Lightning Spire   Summ/Air       0%         N/A       88%         4
 Lee's Rapid Deconstruct  Erth           2%         3d4*      92%         5
 Borgnjor's Vile Clutch   Necr/Erth      1%         N/A       98%         5
 Arcjolt                  Conj/Air       0%         1d10      99%         5
 Freezing Cloud           Conj/Ice/Air   0%         6-21      99%         5
 Iskenderun's Battlesphe  Conj           0%         2d6       99%         5
 Metabolic Englaciation   Hex/Ice        0%         N/A       99%         5
 Silence                  Hex/Air        0%         N/A       99%         5
 Eringya's Noxious Bog    Tmut/Pois      3%         4d6       100%        6
 Leda's Unmaking          Conj/Erth      1%         9d1       100%        6
 Simulacrum               Ice/Necr       0%         N/A       100%        6
 Starburst                Conj/Fire      0%         6d3       100%        6
 Summon Cactus Giant      Summ           0%         N/A       100%        6
 Enfeeble                 Hex            0%         N/A       100%        7
 Ozocubu's Refrigeration  Ice            0%         4d7       100%        7
 Spellforged Servitor     Conj/Summ      0%         N/A       100%        7
 Summon Hydra             Summ           0%         N/A       100%        7
 Discord                  Hex            0%         N/A       100%        8
 Disjunction              Tloc           12%        N/A       100%        8
 Ignition                 Fire           0%         3d3       100%        8
 Lehudib's Crystal Spear  Conj/Erth      1%         10d2      100%        8
 Maxwell's Capacitive Co  Air            0%         ∞         100%        8
 Polar Vortex             Ice            0%         N/A       100%        9


Dungeon Overview and Level Annotations

Branches:
Dungeon (15/15)            Temple (1/1) D:6            Lair (5/5) D:10
 Shoals (4/4) Lair:3       Spider (4/4) Lair:3        Slime (5/5) Lair:4
    Orc (2/2) D:12            Elf (3/3) Orc:2        Vaults (4/5) D:14
  Crypt (2/3) Vaults:2     Depths (4/4) D:15            Zot (5/5) Depths:4
 Bailey (visited)           IceCv (visited)

Altars:
Ashenzari
Cheibriados
Dithmenos
Elyvilon
Fedhas
Gozag
Hepliaklqana
Kikubaaqudgha
Makhleb
Nemelex Xobeh
Okawaru
Qazlal
Ru
Sif Muna
Trog
Uskayaw
Vehumet
Wu Jian
Xom
Yredelemnul
Zin
The Shining One
Jiyva

Shops:
Orc:2 =(*[   Elf:1 *=:?   Elf:3 =(*   Vaults:1 =   Vaults:3 ?   Depths:3 !!?

Portals:
Hell: Depths:1 Depths:2 Depths:3 Depths:4
Abyss: Depths:3
Pandemonium: Depths:2
Ziggurat: Depths:2


Innate Abilities, Weirdness & Mutations

((You are very nimble when in or above water. (Stealth+, EV+, Speed+++)))
Your lower body shifts to a powerful aquatic tail in water.
Your skin blends seamlessly with your surroundings (Stealth++).


Message History

You slash the golden eye! You burn the golden eye.
You kill the golden eye!
The golden eye blinks at you. You resist with almost no effort.
Casting: Passwall (safe; 6% risk of failure)
Confirm with . or Enter, or press ? or * to list all spells.
Space momentarily warps into an impossible shape!
You miss the golden eye. You closely miss the golden eye.
The golden eye blinks at you. You resist with almost no effort.
Casting: Manifold Assault (mildly dangerous; 3% risk of failure)
Confirm with . or Enter, or press ? or * to list all spells.
Space momentarily warps into an impossible shape!
You hit the golden eye. You burn the golden eye.
You closely miss the golden eye. The golden eye blinks at you.
You resist with almost no effort. The golden eye blinks at you.
You resist with almost no effort.
Casting: Manifold Assault (mildly dangerous; 3% risk of failure)
Confirm with . or Enter, or press ? or * to list all spells.
Space momentarily warps into an impossible shape!
You miss the golden eye. You slash the golden eye! You burn the golden eye.
You kill the golden eye!
You closely miss the golden eye. The golden eye blinks at you.
You resist with almost no effort.
You miss the golden eye. You slice the golden eye!! You burn the golden eye.
You kill the golden eye!
No target in view!
(D) Dungeon (T) Temple (L) Lair (A) Shoals (N) Spider Nest (M) Slime Pits (O) Orcish Mines (E) Elven Halls (V) Vaults (C) Crypt (U) Depths (H) Hell (Z) Zot
Where to? (Enter - D:1 @ (x,y), ? - help)
There is an open door here.
There is an open door here.
There is a staircase leading out of the dungeon here.
You have escaped!

...........#####÷######..........
.....#..####......†..####........
........#...#########)..###......
.....###.####≈≈≈≈≈≈≈####.##......
.....##.## #≈≈...≈≈# ##.#......
...####.# #......§# #.##.....
...###.#########'#########.#.....
.....#.#..#...........#..#.######
##...#.'..'.....@.....'..'.##....
##...#.#..#...........#..#.##....
.....#.#########'#########.##....
##...##.# #.....§.# #.###....
#...##.## #§≈...≈≈# ##.#.##...
#...###.####§≈≈≈≈≈§####.##..#...
####.####..[####'####...##...#...
......######.........#####.#.#...
....#......#####†#####.r.........


There were no monsters in sight!

Vanquished Creatures
  the Royal Jelly (Slime:5)
  4 dread liches
  Tiamat (Zot:2)
  6 orbs of fire
  An ancient lich (Zot:5)
  Mennas (Vaults:4)
  Sojobo (Depths:1)
  7 Killer Klowns (Zot:5)
  Parghit (Zot:4)
  A curse toe (Zot:4)
  The ghost of Zoiloeb the Markscentaur, an adept CeHu of Okawaru (Elf:1)
  16 golden dragons
  Arachne (Spider:3)
  3 electric golems
  11 tentacled monstrosities
  Jorgrun (Spider:3)
  A lich (Depths:3)
  27 Orb Guardians
  A shard shrike skeleton (Crypt:2)
  2 deep elf blademasters (Elf:3)
  4 deep elf master archers (Elf:3)
  Mlioglotl (Shoals:1)
  4 quicksilver dragons
  An Executioner (Depths:2)
  8 death cobs
  2 ancient champions (Crypt:1)
  8 sphinxes
  15 acid blobs
  A kraken (Shoals:1)
  3 tengu reavers
  Ilsuiw (Shoals:3)
  8 shadow dragons
  7 rockslimes (Slime:5)
  3 revenants
  14 azure jellies
  7 storm dragons
  8 fire giants
  10 draconian monks
  A draconian knight (Zot:3)
  17 vault wardens
  6 draconian scorchers
  5 deep elf sorcerers (Elf:3)
  An iron dragon (Depths:2)
  An emperor scorpion (Spider:3)
  4 frost giants
  A caustic shrike zombie (Depths:2)
  20 ironbound preservers
  4 draconian stormcallers
  5 ghost moths
  The ghost of Diptof the Stormcaller, an adept TeAE of Vehumet (Shoals:2)
  The ghost of Bananafolds the Cleaver, a journeyman DrAE of Elyvilon (D:12)
  The ghost of Hun Mipn the Crack Shot, an adept DERe of Okawaru (Spider:2)
  3 orc warlords
  A curse skull (Crypt:1)
  4 draconian annihilators
  Louise (Shoals:1)
  20 very ugly things
  The ghost of Reeng the Unseen, an adept VSWr of Wu Jian (Spider:2)
  2 deep elf elementalists (Elf:3)
  8 quicksilver oozes
  10 stone giants
  8 broodmothers
  3 spriggan defenders
  2 formless jellyfish
  The ghost of tiocybot the Martial Artist, a journeyman GnSh of Sif Muna (D:12)
  A reaper (Crypt:2)
  3 deep elf demonologists
  11 green draconians
  4 vampire knights
  Azrael (Spider:1)
  8 ironbound thunderhulks
  2 minotaurs (Shoals:4)
  11 purple draconians
  6 dire elephants
  11 deep elf annihilators
  7 black draconians
  11 red draconians
  3 spark wasps (Depths:3)
  10 white draconians
  2 eidola (Crypt:1)
  3 yellow draconians
  3 deep elf death magi (Elf:3)
  4 merfolk javelineers
  8 merfolk impalers
  A green death (Depths:4)
  A quicksilver dragon zombie (Depths:2)
  7 ettins
  13 fire dragons
  5 entropy weavers
  7 jiangshi
  5 deep elf high priests
  10 great orbs of eyes
  2 rakshasas
  7 yaktaur captains
  10 vault guards
  9 ice dragons
  A catoblepas (D:15)
  3 merfolk avatars
  8 ironbound frosthearts
  3 jorogumos
  2 anacondas (Lair:5)
  A spriggan skeleton (Depths:1)
  15 centaur warriors
  36 dancing weapons
  3 two-headed ogres
  3 spriggan air magi
  12 satyrs
  An alligator (Lair:5)
  8 boulder beetles
  3 death knights (Crypt:1)
  A merfolk aquamancer (Shoals:3)
  4 tengu warriors
  3 deep troll shamans
  5 deep troll earth magi
  4 orc high priests
  A titan zombie (Crypt:2)
  6 demonic crawlers
  5 vampire magi
  4 death yaks
  The ghost of MrCrawl the Arsonist, a journeyman TeFE of Vehumet (D:12)
  A sun demon (Depths:1)
  19 deep elf knights
  6 spriggan berserkers
  Sonja (D:10)
  11 hell knights
  27 skeletal warriors
  2 shadow wraiths (Crypt:2)
  A sixfirhy (D:13)
  5 iron trolls
  48 deep trolls
  7 pharaoh ants
  A sun moth (Spider:4)
  3 skysharks
  4 flayed ghosts
  4 sea snakes
  8 wizards
  8 glowing orange brains
  2 steelbarb worms
  13 lindwurms
  13 orb spiders
  12 ironbound convokers
  An obsidian statue (Zot:5)
  5 phantasmal warriors
  11 deep elf archers
  5 orc knights
  26 deep elf pyromancers
  32 deep elf zephyrmancers
  A harpy (shapeshifter) (Depths:2)
  6 orc sorcerers
  41 harpies
  7 necromancers
  4 shining eyes (Slime:5)
  53 ugly things
  A salamander (Depths:1)
  A sphinx zombie (Depths:1)
  9 fauns
  5 cyclopes
  14 elephants
  A shadow dragon skeleton (Vaults:4)
  24 wolf spiders
  A shining eye (shapeshifter) (Elf:1)
  A toenail golem (D:13)
  A jorogumo skeleton (Crypt:1)
  16 manticores
  An elephant (shapeshifter) (Depths:1)
  4 black mambas
  58 slime creatures
  A human skeleton (Vaults:4)
  16 moths of wrath
  A shock serpent zombie (Crypt:1)
  14 vault sentinels
  2 eyes of devastation
  10 merfolk sirens
  A black mamba (shapeshifter) (D:14)
  An ice statue (IceCv)
  A torpor snail (shapeshifter) (D:15)
  2 torpor snails
  2 smoke demons (Depths:1)
  3 cane toads
  5 water nymphs (Shoals:3)
  5 rime drakes
  12 ice devils (IceCv)
  11 komodo dragons
  2 yellow draconian zombies
  36 yaktaurs
  A yaktaur zombie (Vaults:4)
  A hellion (D:15)
  7 freezing wraiths
  2 kobold demonologists (D:13)
  A mana viper zombie (Crypt:2)
  7 tengu conjurers
  29 merfolk
  4 meliai
  A moth of wrath zombie (Crypt:1)
  9 trolls
  5 wind drakes
  6 hornets
  A troll (shapeshifter) (Elf:1)
  A tengu simulacrum (Depths:1)
  7 polar bears
  25 tarantellas
  2 spectral guardian serpents (Crypt:1)
  13 blink frogs
  6 snapping turtles
  A blink frog (shapeshifter) (Elf:2)
  9 dream sheep
  A dream sheep (shapeshifter) (Depths:3)
  2 large abominations (Depths:2)
  6 spriggans
  23 jumping spiders
  A jumping spider (shapeshifter) (D:14)
  2 vampires
  An ettin skeleton (Depths:2)
  23 culicivoras
  5 flying skulls (Crypt:2)
  23 yaks
  5 air elementals
  A wyvern (Lair:1)
  2 shadows
  6 wraiths
  17 water elementals
  A basilisk (shapeshifter) (Elf:2)
  3 basilisks
  9 fire elementals
  17 golden eyes
  7 steam dragons
  4 dire elephant simulacra (IceCv)
  Menkaure (D:5)
  4 death yak simulacra (IceCv)
  61 redbacks
  6 vampire mosquitoes (D:13)
  A human simulacrum (Vaults:4)
  A glowing shapeshifter zombie (Depths:2)
  3 wargs
  Edmund (D:6)
  2 acid dragons
  13 water moccasins
  5 hell hounds (Spider:1)
  3 hydra simulacra (IceCv)
  A floating eye (shapeshifter) (Depths:4)
  2 floating eyes (Zot:4)
  42 orc warriors
  A sky beast (D:7)
  7 black bears
  4 ice beasts
  A boggart (Elf:1)
  10 ogres
  5 centaurs (D:13)
  14 wolves
  7 kobold brigands
  A komodo dragon zombie (Crypt:1)
  11 bullfrogs
  A two-headed ogre simulacrum (IceCv)
  3 gnoll sergeants
  3 scorpions
  2 cane toad simulacra (IceCv)
  5 earth elementals
  A queen bee zombie (Crypt:1)
  A necrophage (D:6)
  A shapeshifter zombie (Crypt:2)
  A warg skeleton (Crypt:1)
  2 elephant simulacra (IceCv)
  3 electric eels
  7 howler monkeys
  A yak skeleton (Crypt:2)
  A black bear zombie (Crypt:1)
  A centaur zombie (D:8)
  24 orc priests
  5 hounds
  3 jellies
  Crazy Yiuf (D:3)
  2 iguanas
  3 sleepcaps
  19 orc wizards
  A troll simulacrum (IceCv)
  A spriggan simulacrum (IceCv)
  5 polar bear simulacra (IceCv)
  4 wolf simulacra (IceCv)
  A naga skeleton (Crypt:2)
  A hound skeleton (D:6)
  Robin (D:3)
  12 gnolls
  A naga simulacrum (IceCv)
  7 adders
  3 white imps
  3 ufetubi
  2 dart slugs
  93 orcs
  3 bats
  5 endoplasms
  4 giant cockroaches
  26 goblins
  10 hobgoblins
  4 jackals
  6 quokkas
  A quokka (shapeshifter) (Depths:3)
  9 ball pythons
  6 frilled lizards
  A giant cockroach zombie (Crypt:1)
  A hobgoblin skeleton (Crypt:1)
  33 kobolds
  5 rats
  2 tentacles (Shoals:1)
2139 creatures vanquished.

Vanquished Creatures (collateral kills)
  Jory (Vaults:3)
  Asterion (Spider:3)
  An Orb Guardian (Zot:5)
  A draconian knight (Zot:2)
  A draconian monk (Zot:2)
  A deep elf sorcerer (Elf:3)
  A deep elf elementalist (Elf:3)
  A draconian annihilator (Zot:2)
  A deep elf demonologist (Elf:3)
  A black draconian (Zot:2)
  A white draconian (Zot:2)
  2 red draconians (Zot:2)
  A yellow draconian (Zot:2)
  An ironbound frostheart (Vaults:1)
  A deep elf knight (Elf:1)
  An orc knight (Bailey)
  A necromancer (IceCv)
  A harpy (Shoals:4)
  A faun (Shoals:4)
  The ghost of DEFE the Thaumaturge, a novice DESh (D:8)
  An ugly thing (D:11)
  A vault sentinel (Vaults:1)
  An anaconda simulacrum (IceCv)
  An ice devil (IceCv)
  A yak (D:9)
  A warg (Orc:2)
  A gnoll sergeant (D:12)
  2 orc priests
  An iguana (D:6)
  An orc wizard (D:6)
  A polar bear simulacrum (IceCv)
  5 gnolls
  5 orcs
  A tentacle (Shoals:1)
44 creatures vanquished.

Vanquished Creatures (others)
  2 caustic shrikes (Depths:4)
  A tentacled monstrosity (Depths:3)
  A lich (Depths:3)
  A tengu reaver (Depths:1)
  A draconian scorcher (Zot:5)
  A fire giant (Depths:2)
  An emperor scorpion (Spider:4)
  A draconian stormcaller (Zot:3)
  The ghost of Bifier the Zephyrmancer, a journeyman DsAE of Sif Muna (D:12)
  2 merfolk impalers (Shoals:1)
  A deep troll shaman (Depths:4)
  A demonic crawler (Spider:3)
  A death yak (Lair:5)
  A deep elf knight (Elf:2)
  3 hell knights (Depths:4)
  A deep troll (Depths:4)
  2 orb spiders (Spider:3)
  A steelbarb worm (Spider:3)
  A deep elf pyromancer (Elf:2)
  A wolf spider (Spider:4)
  An ironbound convoker (Vaults:3)
  An orange crystal statue (Shoals:3)
  4 deep elf zephyrmancers
  A moth of wrath (Spider:3)
  A manticore (shapeshifter) (Shoals:1)
  An elephant (Lair:1)
  An apocalypse crab (Shoals:1)
  A troll (D:14)
  A tarantella (Spider:3)
  A snapping turtle (Shoals:3)
  A yak (D:9)
  2 death yak simulacra (IceCv)
  An acid dragon (D:12)
  2 orc warriors
  A boggart (Elf:1)
  A bullfrog (D:7)
  A two-headed ogre simulacrum (IceCv)
  An orc wizard (D:4)
  A centaur simulacrum (D:8)
  A gnoll (D:7)
  7 tentacles (Shoals:1)
57 creatures vanquished.

Grand Total: 2240 creatures vanquished

Notes
Turn   | Place    | Note
-------+----------+-------------------------------------------
     0 | D:1      | PaperRat the Merfolk Artificer began the quest for the Orb.
     0 | D:1      | Reached XP level 1. HP: 15/15 MP: 1/1
   201 | D:1      | Reached XP level 2. HP: 21/21 MP: 2/2
   535 | D:1      | Reached skill level 1 in Long Blades
   540 | D:1      | Found a faded altar of an unknown god.
   962 | D:2      | Reached XP level 3. HP: 27/27 MP: 3/3
   994 | D:2      | Reached skill level 2 in Long Blades
  1161 | D:2      | Reached skill level 3 in Long Blades
  1161 | D:2      | Reached XP level 4. HP: 33/33 MP: 4/4
  1190 | D:2      | You fall into a shaft and drop 2 floors!
  1190 | D:4      | Found a hide-covered altar of Uskayaw.
  1190 | D:4      | Found a white marble altar of Elyvilon.
  1199 | D:4      | Became a worshipper of Elyvilon the Healer
  1337 | D:4      | Reached skill level 4 in Long Blades
  1440 | D:4      | Reached XP level 5. HP: 38/38 MP: 5/5
  1862 | D:2      | Reached * piety under Elyvilon
  2149 | D:3      | Noticed Robin
  2201 | D:3      | Killed Robin
  2319 | D:3      | Found a runed translucent door.
  2320 | D:3      | Noticed Crazy Yiuf
  2372 | D:3      | Reached skill level 5 in Long Blades
  3045 | D:4      | Reached XP level 6. HP: 47/47 MP: 6/6
  3470 | D:5      | Entered Level 5 of the Dungeon
  3477 | D:5      | Reached skill level 6 in Long Blades
  3503 | D:5      | Reached ** piety under Elyvilon
  3673 | D:5      | Reached skill level 1 in Shields
  3673 | D:5      | Reached XP level 7. HP: 54/54 MP: 7/7
  3716 | D:5      | Found a sacrificial altar of Ru.
  3870 | D:5      | Reached skill level 1 in Invocations
  4183 | D:5      | Noticed Menkaure
  4187 | D:5      | Killed Menkaure
  4188 | D:5      | Reached skill level 5 in Fighting
  4330 | D:5      | Reached XP level 8. HP: 63/63 MP: 9/9
  4628 | D:5      | Reached skill level 1 in Short Blades
  5045 | D:6      | Found a staircase to the Ecumenical Temple.
  5096 | D:6      | Reached skill level 5 in Dodging
  5155 | D:6      | Found a snail-covered altar of Cheibriados.
  5189 | D:6      | Noticed Edmund
  5226 | D:6      | Killed Edmund
  5591 | D:6      | Reached *** piety under Elyvilon
  5728 | D:6      | Reached XP level 9. HP: 68/72 MP: 12/12
  5759 | D:6      | Identified the +3 leather armour of the Old and Reckless
                  | {+Blink rElec rF- Slay+4}
  5815 | D:6      | Found a stormy altar of Qazlal.
  5944 | D:6      | Found a burning altar of Makhleb.
  5957 | D:6      | Reached skill level 1 in Armour
  6010 | Temple   | Entered the Ecumenical Temple
  6943 | D:7      | Reached skill level 5 in Short Blades
  6953 | D:7      | Found a glowing silver altar of Zin.
  7546 | D:8      | Reached **** piety under Elyvilon
  7572 | D:8      | Reached XP level 10. HP: 81/82 MP: 13/13
  7697 | D:8      | Found a runed translucent gate.
  7697 | D:8      | Found a runed translucent gate.
  7697 | D:8      | Found a runed translucent gate.
  7702 | D:8      | Noticed DEFE's ghost (novice DESh)
  7719 | D:8      | Reached skill level 5 in Invocations
  7822 | D:8      | Found an ancient bone altar of Kikubaaqudgha.
  7965 | D:8      | Killed DEFE's ghost
  8153 | D:9      | Found a flagged portal.
  8167 | Bailey   | Entered a bailey
  8398 | Bailey   | Noticed an orc knight
  8399 | Bailey   | Noticed an orc knight
  8407 | Bailey   | Killed an orc knight
  8463 | Bailey   | Killed an orc knight
  8587 | Bailey   | Got Sif Muna's Parchment of Frosty Toxicants
  8588 | Bailey   | Identified the +0 cloak of Jilouhum {Rampage Drain *Slow
                  | Int+8}
  8602 | Bailey   | Noticed an orc knight
  8669 | Bailey   | Killed an orc knight
  8670 | Bailey   | Reached skill level 7 in Long Blades
  9095 | D:8      | Reached skill level 8 in Long Blades
  9216 | D:9      | Found a broken altar of Ashenzari.
  9742 | D:9      | Reached skill level 10 in Fighting
 10054 | D:10     | Entered Level 10 of the Dungeon
 10209 | D:10     | Reached XP level 11. HP: 72/90 MP: 15/15
 10600 | D:10     | Reached ***** piety under Elyvilon
 10642 | D:10     | Found a sparkling altar of Nemelex Xobeh.
 10813 | D:10     | Identified the +4 falchion of the Orb {spect, Int+2}
 11053 | D:10     | Found a staircase to the Lair.
 11172 | D:10     | Reached skill level 9 in Long Blades
 11366 | D:10     | Identified the +1 scale mail of Defence {Rampage Will+
                  | rCorr SInv}
 11435 | D:10     | Noticed Sonja
 11439 | D:10     | Killed Sonja
 11846 | Lair:1   | Entered Level 1 of the Lair of Beasts
 11924 | Lair:1   | Found an ornate altar of the Wu Jian Council.
 11942 | Lair:1   | Found a transporter.
 12436 | Lair:1   | Found a transporter.
 12561 | Lair:1   | Reached skill level 10 in Long Blades
 12562 | Lair:1   | Reached skill level 10 in Dodging
 12902 | Lair:1   | Reached skill level 11 in Long Blades
 13561 | Lair:1   | Reached skill level 12 in Long Blades
 13561 | Lair:1   | Reached XP level 12. HP: 76/97 MP: 18/18
 13940 | Lair:2   | Identified the +1 spear of Plague {holy, Dex+2}
 13988 | Lair:2   | Reached skill level 5 in Shields
 15182 | Lair:2   | Reached skill level 13 in Long Blades
 15222 | Lair:3   | Noticed a seven-headed hydra
 15267 | Lair:3   | Found a staircase to the Shoals.
 15306 | Lair:3   | You fall into a shaft and drop 2 floors!
 15306 | Lair:5   | Entered Level 5 of the Lair of Beasts
 15333 | Lair:3   | Pacified a seven-headed hydra
 15378 | Lair:3   | Noticed a six-headed hydra
 15380 | Lair:3   | Pacified a six-headed hydra
 15401 | Lair:3   | Found a frozen archway.
 15461 | IceCv    | Entered an ice cave
 15517 | IceCv    | Reached skill level 5 in Evocations
 15816 | IceCv    | Reached XP level 13. HP: 101/104 MP: 19/19
 16180 | IceCv    | Found an ancient bone altar of Kikubaaqudgha.
 17698 | IceCv    | Got Ebuocufu's Volume of the Blizzard
 17705 | IceCv    | Got the Lectures on the Glacier and Sciomancy
 18079 | Lair:3   | Found a hole to the Spider Nest.
 18098 | Lair:3   | Reached skill level 1 in Throwing
 18798 | Lair:4   | Found a runed translucent door.
 18799 | Lair:4   | Found a viscous altar of Jiyva.
 18799 | Lair:4   | Noticed an azure jelly
 18800 | Lair:4   | Noticed an azure jelly
 18800 | Lair:4   | Noticed an azure jelly
 18802 | Lair:4   | Found a staircase to the Slime Pits.
 18802 | Lair:4   | Noticed an azure jelly
 18989 | Lair:4   | Reached skill level 10 in Invocations
 20691 | Lair:5   | Reached XP level 14. HP: 61/115 MP: 21/21
 21416 | Lair:5   | Reached skill level 5 in Armour
 24537 | D:11     | Identified the +0 ring mail "Zezemn" {Rampage Slay+3}
 25786 | D:12     | Found a staircase to the Orcish Mines.
 25824 | D:12     | Found a runed translucent gate.
 25824 | D:12     | Noticed Bifier's ghost (journeyman DsAE)
 25825 | D:12     | Found a runed translucent gate.
 25825 | D:12     | Found a runed translucent gate.
 25826 | D:12     | Noticed MrCrawl's ghost (journeyman TeFE)
 25826 | D:12     | Noticed tiocybot's ghost (journeyman GnSh)
 25826 | D:12     | Noticed Bananafolds's ghost (journeyman DrAE)
 25953 | Orc:1    | Entered Level 1 of the Orcish Mines
 26201 | Orc:2    | Entered Level 2 of the Orcish Mines
 26201 | Orc:2    | Found a staircase to the Elven Halls.
 26207 | Orc:2    | Noticed an orc warlord
 26212 | Orc:2    | Noticed an orc warlord
 26220 | Orc:2    | Killed an orc warlord
 26232 | Orc:2    | Killed an orc warlord
 26338 | Orc:1    | Reached XP level 15. HP: 126/126 MP: 22/22
 26557 | Orc:2    | Found Ybladoub's General Store.
 26636 | Orc:2    | Bought a scroll of identify for 30 gold pieces
 26648 | Orc:2    | Found Utuhiela's Antique Weapon Emporium.
 26908 | Orc:2    | Found Maacer's Jewellery Emporium.
 26967 | Orc:2    | Found Hicil's Antique Armour Shop.
 27083 | Orc:2    | Noticed an orc warlord
 27162 | Orc:1    | Killed an orc warlord
 27163 | Orc:1    | Reached skill level 14 in Long Blades
 27835 | Orc:2    | Bought a glowing long sword for 208 gold pieces
 28151 | D:3      | Killed Crazy Yiuf
 28433 | D:12     | Killed tiocybot's ghost
 28616 | D:12     | Killed Bifier's ghost
 28767 | D:12     | Killed MrCrawl's ghost
 28875 | D:12     | Killed Bananafolds's ghost
 30273 | D:14     | Reached skill level 10 in Evocations
 30470 | D:14     | Found the +3 crown of Dyrovepreva {rElec Int+2 SInv}
 30475 | D:14     | Identified the +0 scale mail "Oqoomuz" {Str-2 Int+8}
 30513 | D:14     | Learned a level 2 spell: Blink
 30518 | D:14     | Learned a level 4 spell: Manifold Assault
 30661 | D:14     | Reached skill level 1 in Translocations
 30742 | D:14     | Found a gate to the Vaults.
 31227 | D:14     | Found an ornate altar of the Wu Jian Council.
 31293 | D:15     | Entered Level 15 of the Dungeon
 32246 | D:15     | Reached XP level 16. HP: 133/133 MP: 23/25
 32376 | D:15     | Reached skill level 15 in Dodging
 32837 | D:15     | Found a staircase to the Depths.
 33153 | D:15     | Noticed Nessos
 33154 | D:15     | Nessos changed into Nessos the tarantella
 33154 | D:15     | Noticed Nessos
 33164 | D:15     | Killed Nessos the tarantella
 33856 | Shoals:1 | Entered Level 1 of the Shoals
 34084 | Orc:2    | Bought a pair of glowing boots for 202 gold pieces
 34490 | Shoals:1 | Noticed a kraken
 34503 | Shoals:1 | Killed a kraken
 34535 | Shoals:1 | Noticed a tentacled monstrosity
 34615 | Shoals:1 | Killed a tentacled monstrosity
 34650 | Shoals:1 | Identified the ring of the Heavens {Wiz Int+2 Slay+3}
 34754 | Shoals:1 | Identified the +1 tower shield "Modwy" {Will++ Slay+2}
 34754 | Shoals:1 | Noticed Louise
 34761 | Shoals:1 | Killed Louise
 34762 | Shoals:1 | Reached skill level 5 in Translocations
 34830 | Shoals:1 | Noticed Mlioglotl
 34855 | Shoals:1 | Killed Mlioglotl
 34941 | Shoals:1 | Reached skill level 5 in Throwing
 35649 | Shoals:2 | Found a transporter.
 35652 | Shoals:2 | Noticed Diptof's ghost (adept TeAE)
 35653 | Shoals:2 | Found a transporter.
 35654 | Shoals:2 | Found a bloodstained altar of Trog.
 36562 | Shoals:2 | Reached skill level 15 in Fighting
 36562 | Shoals:2 | Killed Diptof's ghost
 36703 | Shoals:3 | Noticed Ilsuiw
 36719 | Shoals:3 | Killed Ilsuiw
 36764 | Shoals:3 | Reached XP level 17. HP: 142/142 MP: 26/26
 37033 | Shoals:3 | Found a transporter.
 37038 | Shoals:3 | Found a transporter.
 38161 | Shoals:3 | Got Witchery and You
 38165 | Shoals:3 | Identified the +1 hat "Yjynul" {*Slow +Inv rElec rN++}
 38168 | Shoals:3 | Identified the ring "Rapagur" {rN+ Str+4}
 38198 | Shoals:4 | Entered Level 4 of the Shoals
 38912 | Shoals:4 | Identified the +1 scale mail "Tiom" {Harm rElec rN++ Int-3}
 38960 | Shoals:3 | Reached skill level 10 in Throwing
 39129 | Shoals:4 | Noticed a sphinx
 39147 | Shoals:4 | Killed a sphinx
 39278 | Shoals:4 | Noticed a sphinx
 39285 | Shoals:4 | Paralysed by a sphinx for 3 turns
 39290 | Shoals:4 | Killed a sphinx
 39932 | Shoals:4 | Got Sif Muna's Spellbook of Topomancy
 40017 | Shoals:4 | Reached XP level 18. HP: 151/151 MP: 27/27
 40111 | Shoals:4 | Got a barnacled rune of Zot
 40768 | Spider:1 | Entered Level 1 of the Spider Nest
 41793 | Spider:1 | Noticed Azrael
 41821 | Spider:1 | Killed Azrael
 42145 | Orc:2    | Bought 2 scrolls of enchant weapon for 225 gold pieces
 42145 | Orc:2    | Bought a scroll of vulnerability for 60 gold pieces
 43698 | Spider:2 | Found a runed translucent gate.
 43698 | Spider:2 | Found a runed translucent gate.
 43699 | Spider:2 | Found a runed translucent gate.
 43701 | Spider:2 | Identified a scroll of acquirement
 43702 | Spider:2 | Acquired the ring of Zaneomuth {rCorr Dex+3}
 43707 | Spider:2 | Noticed Hun Mipn's ghost (adept DERe)
 43707 | Spider:2 | Noticed Reeng's ghost (adept VSWr)
 44238 | Spider:2 | Killed Hun Mipn's ghost
 44296 | Spider:2 | Killed Reeng's ghost
 44312 | Spider:2 | Identified the amulet of the Swan {Faith +Inv rN++ Will+
                  | Str-2}
 44460 | Spider:3 | Reached ****** piety under Elyvilon
 44552 | Spider:3 | Noticed Arachne
 44576 | Spider:3 | Killed Arachne
 45010 | Spider:3 | Noticed Jorgrun
 45031 | Spider:3 | Killed Jorgrun
 46116 | Spider:3 | Noticed Asterion
 46140 | Spider:3 | Killed Asterion
 46544 | Spider:4 | Entered Level 4 of the Spider Nest
 47347 | Spider:4 | Reached XP level 19. HP: 91/161 MP: 25/28
 48803 | Spider:4 | Got a gossamer rune of Zot
 49528 | Elf:1    | Entered Level 1 of the Elven Halls
 49624 | Elf:1    | Found a radiant altar of Vehumet.
 49931 | Elf:1    | Found Amap's Magic Scroll Boutique.
 49938 | Elf:1    | Found Pox Nadi's Book Emporium.
 49966 | Elf:1    | Bought a scroll of fog for 60 gold pieces
 49966 | Elf:1    | Bought a scroll of fog for 60 gold pieces
 49966 | Elf:1    | Bought a scroll of enchant armour for 112 gold pieces
 49966 | Elf:1    | Bought a scroll of fear for 60 gold pieces
 49966 | Elf:1    | Bought a scroll of immolation for 60 gold pieces
 50430 | Elf:1    | Found Nikhlim's Jewellery Shop.
 50634 | Elf:1    | Found a runed translucent door.
 50637 | Elf:1    | Found Papuc's Assorted Antiques.
 50639 | Elf:1    | Noticed Zoiloeb's ghost (adept CeHu)
 50647 | Elf:1    | Bought a brightly glowing helmet for 370 gold pieces
 50647 | Elf:1    | Identified the +0 helmet of Resourcefulness {Int+4 Dex+3
                  | Slay+5 Stlth+} (You bought it in a shop on level 1 of the
                  | Elven Halls)
 50647 | Elf:1    | Bought a wand of mindburst (10) for 546 gold pieces
 50647 | Elf:1    | Identified the ring of Exhibitionism {Wiz rElec rPois rC+
                  | Int+3}
 51007 | Elf:1    | Killed Zoiloeb's ghost
 51447 | Elf:2    | Found a runed translucent gate.
 51448 | Elf:2    | Found a runed translucent gate.
 51448 | Elf:2    | Found a runed translucent gate.
 51845 | Elf:2    | Reached XP level 20. HP: 166/170 MP: 29/29
 51927 | Elf:2    | Reached skill level 15 in Throwing
 53547 | Elf:3    | Entered Level 3 of the Elven Halls
 53773 | Elf:3    | Found Puynep's Jewellery Shop.
 53975 | Elf:3    | Found Tesumac's Weapon Shop.
 54227 | Elf:3    | Found Beqituod's Assorted Antiques.
 54236 | Elf:3    | Bought a fine glass ring for 135 gold pieces
 54236 | Elf:3    | Identified the ring of Qireol Ebeo {MP+9 AC+4} (You bought
                  | it in a shop on level 3 of the Elven Halls)
 54674 | Elf:3    | Identified the +12 halberd of Hutyups {freeze, *Slow rC+
                  | rN+ rCorr}
 54698 | Elf:3    | Identified the +4 war axe of the Pyrrhic Victory {freeze,
                  | rPois rC- SInv Stlth+}
 54707 | Elf:3    | Was placed under penance by Elyvilon
 54713 | Elf:3    | Identified the +6 spear "Hygi" {venom, rC++ rN+ Int-2}
 54857 | Elf:3    | Got Ytezxuhon's Catalogue of Warped Conflagration
 54985 | Elf:3    | Found the ring of the Octopus King
 55004 | Elf:3    | Identified a ring of the Octopus King {Wiz HP+2 AC+2 EV+2
                  | SH+2}
 55045 | Elf:3    | Identified the +8 plate armour of Follow the Leader {Int+9
                  | Slay+2}
 55162 | Elf:3    | Bought the ring "Voyhuc" {rElec rPois Dex+7 Slay-2} for 644
                  | gold pieces
 55403 | Vaults:1 | Entered Level 1 of the Vaults
 55412 | D:14     | Reached skill level 15 in Evocations
 55699 | Vaults:1 | Reached XP level 21. HP: 177/177 MP: 30/30
 55875 | Vaults:1 | Paralysed by a great orb of eyes for 5 turns
 56075 | Vaults:1 | Was forgiven by Elyvilon
 56293 | Vaults:1 | Found Relicur's Jewellery Boutique.
 56455 | Vaults:1 | Identified the ring "Novaz" {Ice Int+3}
 56660 | Vaults:2 | Found a staircase to the Crypt.
 56660 | Vaults:2 | Found a basalt altar of Yredelemnul.
 56661 | Vaults:2 | Found an ancient bone altar of Kikubaaqudgha.
 57369 | Vaults:2 | Identified the +7 chain mail of the Endless Expanse {Fly
                  | rF+ rN+ Int-4}
 57718 | Vaults:2 | Paralysed by a formless jellyfish for 1 turns
 57846 | Vaults:2 | Reached skill level 15 in Long Blades
 59091 | Vaults:3 | Found Cecs's Magic Scroll Emporium.
 59525 | Vaults:3 | Reached XP level 22. HP: 185/185 MP: 31/31
 60129 | Vaults:3 | Noticed Jory
 60145 | Vaults:3 | Killed Jory
 61390 | Vaults:4 | Found a portal to a secret trove of treasure.
 62019 | Vaults:4 | Noticed Mennas
 62047 | Vaults:4 | Killed Mennas
 62502 | Vaults:4 | You paid a toll of 14 scrolls of teleportation to enter a
                  | treasure trove
 62503 | Trove    | Entered a treasure trove
 62510 | Trove    | Identified the amulet of Atheism {Reflect rElec rPois SH+5}
 62512 | Trove    | Identified the +0 rapier of the Hills {holy, Int+3}
 62520 | Trove    | Identified the +3 scimitar of Gloom {heavy, *Corrode rN++
                  | Dex+4}
 62524 | Trove    | Identified the +8 battleaxe "Ulota" {protect, rN+ rCorr
                  | Str+2 Stlth+}
 62527 | Trove    | Identified the amulet "Sauc" {Faith rF+}
 62622 | Vaults:3 | Bought a scroll of blinking for 142 gold pieces
 62622 | Vaults:3 | Bought a scroll of immolation for 76 gold pieces
 62622 | Vaults:3 | Bought a scroll of fog for 76 gold pieces
 62622 | Vaults:3 | Bought a scroll of teleportation for 57 gold pieces
 62964 | Elf:3    | Bought a potion of mutation for 216 gold pieces
 62964 | Elf:3    | Bought a potion of resistance for 270 gold pieces
 62965 | Elf:3    | Bought 2 potions of berserk rage for 270 gold pieces
 63556 | Elf:1    | Bought a manual of Dodging for 1280 gold pieces
 63811 | Slime:1  | Entered Level 1 of the Pits of Slime
 64418 | Slime:4  | Found a viscous altar of Jiyva.
 64462 | Slime:5  | Entered Level 5 of the Pits of Slime
 64833 | Slime:5  | Noticed the Royal Jelly
 65151 | Slime:4  | Reached skill level 15 in Invocations
 65151 | Slime:4  | Reached XP level 23. HP: 187/196 MP: 34/34
 65793 | Slime:5  | Found a viscous altar of Jiyva.
 65824 | Slime:5  | Found the +7 staff of the Meek {protect, meekguard}
 66475 | Slime:5  | Killed the Royal Jelly
 66624 | Slime:5  | Learned a level 4 spell: Passage of Golubria
 66627 | Slime:5  | Got the Secrets of the Shivering Vector
 66657 | Slime:5  | Identified the +2 ring mail "Gipetaem" {rN+ Int+3}
 66670 | Slime:5  | Got a slimy rune of Zot
 66691 | Slime:5  | Identified the +0 troll leather armour "Fetillar" {rElec
                  | rC- Regen+ Dex+3 Stlth+}
 66703 | Slime:5  | Identified the ring "Xorgh" {MP+9 Str+2}
 66727 | Slime:5  | Got the Commentary on Tropical Sidekicks
 67083 | Depths:1 | Entered Level 1 of the Depths
 67237 | Depths:1 | Noticed Sojobo
 67251 | Depths:1 | Killed Sojobo
 67818 | Depths:1 | Found a gateway to Hell.
 68235 | Depths:1 | Reached skill level 16 in Long Blades
 69166 | Depths:2 | Noticed a golden dragon
 69171 | Depths:2 | Noticed a caustic shrike
 70022 | Depths:2 | Found a one-way gate leading to the halls of Pandemonium.
 70230 | Depths:2 | Killed a golden dragon
 70361 | Depths:2 | Pacified a caustic shrike
 70473 | Depths:2 | Reached XP level 24. HP: 204/204 MP: 35/35
 70757 | Depths:2 | Got Tisiu's Incunabulum of the Weird Lungs
 70765 | Depths:2 | Identified the +1 leather armour of the Original Sin {-Tele
                  | +Inv rElec Stlth+}
 71149 | Depths:2 | Found a one-way gateway to a ziggurat.
 71407 | Depths:3 | Reached skill level 17 in Long Blades
 71489 | Depths:3 | Found Enuk's Distillery.
 71491 | Depths:3 | Found Siqibip's Distillery.
 71495 | Depths:3 | Found Utex's Magic Scroll Emporium.
 71502 | Depths:3 | Bought a scroll of fog for 40 gold pieces
 71502 | Depths:3 | Bought 2 scrolls of teleportation for 60 gold pieces
 71504 | Depths:3 | Bought a potion of magic for 96 gold pieces
 71504 | Depths:3 | Bought a potion of heal wounds for 60 gold pieces
 71504 | Depths:3 | Bought a potion of haste for 120 gold pieces
 71504 | Depths:3 | Bought a potion of invisibility for 96 gold pieces
 71504 | Depths:3 | Bought a potion of invisibility for 96 gold pieces
 71504 | Depths:3 | Bought a potion of haste for 120 gold pieces
 71504 | Depths:3 | Bought a potion of might for 48 gold pieces
 71506 | Depths:3 | Bought a potion of invisibility for 120 gold pieces
 71506 | Depths:3 | Bought a potion of heal wounds for 75 gold pieces
 71506 | Depths:3 | Bought a potion of might for 60 gold pieces
 71506 | Depths:3 | Bought a potion of mutation for 120 gold pieces
 72547 | Depths:3 | Found a one-way gate to the infinite horrors of the Abyss.
 72819 | Depths:3 | Reached skill level 10 in Translocations
 72957 | Depths:3 | Identified the +0 sling "Kagriewa" {heavy, Dex+3}
 73032 | Depths:4 | Entered Level 4 of the Depths
 73187 | Depths:4 | Identified the staff "Hilu" {Will+ Dex+2 Earth}
 73411 | Depths:4 | Reached skill level 18 in Long Blades
 73611 | Depths:4 | Noticed a caustic shrike
 73616 | Depths:4 | Noticed a caustic shrike
 73621 | Depths:4 | Pacified a caustic shrike
 73621 | Depths:4 | Noticed a caustic shrike
 73623 | Depths:4 | Pacified a caustic shrike
 73623 | Depths:4 | Killed a caustic shrike
 73629 | Depths:4 | Noticed a caustic shrike
 73630 | Depths:4 | Pacified a caustic shrike
 73630 | Depths:4 | Killed a caustic shrike
 73637 | Depths:4 | Pacified a caustic shrike
 73662 | Depths:4 | Reached skill level 19 in Long Blades
 74414 | Depths:4 | Reached skill level 20 in Long Blades
 74711 | Depths:4 | Reached XP level 25. HP: 119/210 MP: 35/35
 74927 | Depths:4 | Reached skill level 21 in Long Blades
 74970 | Depths:4 | Identified the +3 war axe of Zeyda {venom, Contam Will+++
                  | Int+5 Dex+3}
 75149 | Depths:4 | Found a gate to the Realm of Zot.
 75162 | Depths:4 | Identified the +0 robe of the Stonemason {Rampage rC+ Int+8
                  | Dex-5}
 75163 | Depths:4 | Identified the +2 robe of Lyemip {Drain +Blink rCorr Int+3
                  | SInv}
 75783 | Vaults:3 | Bought a scroll of brand weapon for 180 gold pieces
 76411 | Zot:1    | Entered Level 1 of the Realm of Zot
 76873 | Zot:1    | Reached skill level 22 in Long Blades
 77308 | Zot:1    | Noticed an orb of fire
 77456 | Zot:1    | Got the Directory of Telluric Exhalation
 77485 | Zot:1    | Killed an orb of fire
 77978 | Zot:2    | Reached skill level 23 in Long Blades
 77999 | Zot:2    | Learned a level 1 spell: Apportation
 78002 | Zot:2    | Learned a level 2 spell: Passwall
 78108 | Zot:2    | Reached skill level 1 in Transmutations
 79011 | Zot:2    | Noticed an orb of fire
 79034 | Zot:2    | Gained mutation: You occasionally lose the ability to drink
                  | potions when taking damage. [an orb of fire]
 79037 | Zot:2    | Killed an orb of fire
 79041 | Zot:2    | Found the +4 dragonskin cloak
 79041 | Zot:2    | Noticed Tiamat
 79249 | Zot:2    | Killed Tiamat
 79796 | Zot:3    | Reached skill level 24 in Long Blades
 79963 | Zot:3    | Found the +9 sword of Power {lifebolt}
 80769 | Zot:3    | Acquired a manual of Stealth
 81867 | Zot:4    | Noticed Parghit
 81892 | Zot:4    | Killed Parghit
 81892 | Zot:4    | Was placed under penance by Elyvilon
 82417 | Crypt:1  | Entered Level 1 of the Crypt
 82466 | Crypt:1  | Reached XP level 26. HP: 206/218 MP: 35/35
 82679 | Crypt:1  | Reached skill level 25 in Long Blades
 83845 | Crypt:2  | Reached skill level 26 in Long Blades
 84287 | Crypt:2  | Was forgiven by Elyvilon
 84874 | Zot:4    | Noticed a dread lich
 84898 | Zot:4    | Killed a dread lich
 85056 | Zot:4    | Noticed a dread lich
 85073 | Zot:4    | Killed a dread lich
 86421 | Zot:5    | Entered Level 5 of the Realm of Zot
 86463 | Zot:5    | Reached skill level 27 in Long Blades
 86637 | Zot:5    | Reached skill level 5 in Stealth
 87397 | Zot:5    | Noticed a Killer Klown
 87418 | Zot:5    | Killed a Killer Klown
 87538 | Zot:5    | Noticed an orb of fire
 87551 | Zot:5    | Gained mutation: You are frail. (-10% HP) [an orb of fire]
 87557 | Zot:5    | Killed an orb of fire
 87579 | Zot:5    | Noticed an orb of fire
 87594 | Zot:5    | Killed an orb of fire
 87612 | Zot:5    | Noticed a Killer Klown
 87620 | Zot:5    | Killed a Killer Klown
 87707 | Zot:5    | Noticed a Killer Klown
 87724 | Zot:5    | Killed a Killer Klown
 87893 | Zot:5    | Noticed a Killer Klown
 87906 | Zot:5    | Killed a Killer Klown
 88428 | Zot:5    | Noticed a Killer Klown
 88439 | Zot:5    | Killed a Killer Klown
 88440 | Zot:5    | Reached skill level 1 in Earth Magic
 88470 | Zot:5    | Reached skill level 5 in Transmutations
 88470 | Zot:5    | Reached XP level 27. HP: 182/199 MP: 35/35
 88688 | Zot:5    | Noticed a dread lich
 88776 | Zot:5    | Killed a dread lich
 89574 | Zot:5    | Reached skill level 10 in Stealth
 89581 | Zot:5    | Noticed an orb of fire
 89594 | Zot:5    | Noticed an orb of fire
 89631 | Zot:5    | Killed an orb of fire
 89654 | Zot:5    | Gained mutation: You are clumsy. (Dex -2) [an orb of fire]
 89660 | Zot:5    | Killed an orb of fire
 89661 | Zot:5    | Lost mutation: You occasionally lose the ability to drink
                  | potions when taking damage. [potion of mutation]
 89661 | Zot:5    | Lost mutation: You are frail. (-10% HP) [potion of
                  | mutation]
 89661 | Zot:5    | Lost mutation: You are clumsy. (Dex -2) [potion of
                  | mutation]
 89661 | Zot:5    | Gained mutation: Your skin changes colour to match your
                  | surroundings (Stealth+). [potion of mutation]
 89661 | Zot:5    | Gained mutation: Your skin blends seamlessly with your
                  | surroundings (Stealth++). [potion of mutation]
 89820 | Zot:5    | Noticed a dread lich
 89839 | Zot:5    | Killed a dread lich
 90201 | Zot:5    | Noticed an ancient lich
 90219 | Zot:5    | Killed an ancient lich
 90602 | Zot:5    | Got the Orb of Zot
 91094 | D:10     | Noticed Efryi the pandemonium lord
 91094 | D:10     | Noticed an ancient lich
 91299 | D:$      | Escaped with the Orb!

Illustrated notes

Levels and vault maps discovered:
D:1:      dpeg_arrival_yet_another_circle, layout_basic,
          shapermc_ecumenical_altar_venn
D:2:      cheibrodos_greedy_goblins, layout_basic
D:3:      layout_rooms, minmay_starry_boxes, uniq_robin, uniq_crazy_yiuf_cottage
D:4:      layout_basic, nicolae_overflow_squiral
D:5:      layout_cave_pods, nicolae_overflow_crystal_walls,
          minmay_misc_feat_chi, uniq_menkaure
D:6:      layout_cave_pools, mainiacjoe_overflow_surrounded_room,
          makhleb_blood_cavern_becter, mainiacjoe_overflow_boulevard,
          temple_fountains, uniq_edmund
D:7:      layout_gridville, mainiacjoe_overflow_alcove_1
D:8:      layout_rooms, nicolae_kikubaaqudgha_miasma_corner,
          gammafunk_ghost_necromancy
D:9:      layout_rooms, kennysheep_little_box, enter_bailey_3
D:10:     layout_grid_maze, nemelex_spade_bored_becter,
          grunt_lair_entry_orc_guard_hut, uniq_sonja
D:11:     layout_long_grid
D:12:     layout_cave_pools, david_orc_2, gammafunk_ghost_cemetery
D:13:     layout_roguey
D:14:     layout_basic, erik_vaults_1, pdpol_wu_jian_five_deadly_venoms
D:15:     hangedman_depths_entry_civil_slaughter, layout_basic,
          serial_corexii_hall, corexii_hall_statues_t,
          corexii_hall_statues_deadend, uniq_nessos
Temple:   nicolae_temple_godzebo
Lair:1:   gammafunk_worm_tunnel, layout_gridlike, basic_altar
Lair:2:   layout_long_grid, lemuel_fruit_fields
Lair:3:   layout_chaotic_city, elwin_shoals_entry_rocks,
          nicolae_spider_entry_orb_guardian, portal_ice_cave_entry_pillars_1,
          grunt_megastairs_5
Lair:4:   beast_lair_carwin_large_1, layout_hall_layers, slime_entry_2,
          chequers_serial_rivers_small_a
Lair:5:   grunt_lair_end_beastmaster, layout_misc_corridors,
          nicolae_lair_lakeside_cave
Shoals:1: dreamdust_from_the_deep, layout_shoals, uniq_louise, uniq_mlioglotl
Shoals:2: cheibrodos_shoals_roost, layout_shoals,
          gammafunk_ghost_wrathful_warriors
Shoals:3: gammafunk_sealed_arena, layout_shoals, ldierk_geyser, uniq_ilsuiw
Shoals:4: shoals_end_hellmonk_lost_city
Spider:1: layout_chambers, uniq_azrael
Spider:2: layout_spider_delve, gammafunk_ghost_cemetery
Spider:3: layout_chambers, uniq_arachne, uniq_jorgrun, uniq_asterion
Spider:4: hellmonk_spider_rune_endless_swarm
Slime:1:  layout_caves
Slime:2:  layout_caves, nicolae_slime_barrier, uniq_dissolution
Slime:3:  layout_caves
Slime:4:  cheibrodos_slime_lost_civilization_9, layout_caves, basic_altar
Slime:5:  slime_pit_nicolae_amoeboid
Orc:1:    layout_diamond_mine
Orc:2:    grunt_orc_gardens, layout_caves, grunt_orc_garden, grunt_orc_garden,
          grunt_orc_garden, grunt_orc_garden
Elf:1:    eino_elf_arrival_altar, layout_loops_cross, serial_shops, shop, shop,
          shop, nicolae_shop_tiny_statue_garden, ebering_ghost_inner_flame,
          hangedman_elf_disciples, drop_trap
Elf:2:    nicolae_elf_blades_crystal_corner, layout_loops_corners
Elf:3:    minmay_elf_hall_furrowed, layout_geoelf_diagonals, serial_shops,
          shop_fountains, nicolae_shop_hallway_stairs, nicolae_shop_waterfront,
          nicolae_elf_crossing_hall
Vaults:1: v_alt_pattern_4, nicolae_vaults_surprise_closet_hard,
          ontoclasm_vaults_hangar, vaults_dpeg_doors,
          nicolae_vaults_tetromino_Z_1, vaults_room_semicircle,
          hangedman_vaults_cutoff, grunt_vaults_focal,
          nicolae_vaults_more_shelving_2, ontoclasm_vaults_twist,
          nicolae_vaults_tetromino_Z_1, vaults_mumra_chevron_long,
          ontoclasm_vaults_chip, layout_vaults_big_room, serial_shops, shop
Vaults:2: minmay_crypt_entry_necro_gods, nicolae_vaults_little_squares_6,
          vaults_room_pools, v_misc_15, nicolae_vaults_trapezoid_lopsided_2,
          hangedman_vaults_capsules, grunt_vaults_bifocal, v_alt_pattern_5,
          nicolae_vaults_disjoint_gnomons, nicolae_vaults_trapezoid_3,
          vaults_mumra_hexcomb, vaults_dpeg_hooks, nicolae_vaults_diamond_2,
          layout_vaults_omnibox
Vaults:3: nicolae_vaults_big_angled_halls, nicolae_vaults_weapon_check,
          v_rooms_6, nicolae_vaults_display_case,
          nicolae_vaults_shrinking_rooms_2, nicolae_vaults_mini_display_case,
          nicolae_vaults_sightless_eye, v_rooms_2, nicolae_vaults_tetromino_T_1,
          vaults_dpeg_cross, nicolae_vaults_storage_room_glass,
          layout_vaults_maze, serial_shops, nicolae_shop_trees, uniq_jory
Vaults:4: ontoclasm_vaults_misaligned, grunt_vaults_hallway_short,
          nicolae_vaults_octothorpe, grunt_vaults_trifunnel,
          nicolae_vaults_two_Ls, nicolae_vaults_closet_pinwheel_1,
          vaults_mumra_lcd, nicolae_vaults_diamond_2, ontoclasm_vaults_ligature,
          nicolae_vaults_diamond_1, nicolae_vaults_octothorpe, v_misc_27,
          layout_vaults_omnicross, nicolae_trove_entry_free_sample, uniq_mennas
Crypt:1:  layout_misc_corridors, nrook_guardian_serpent_ordinary
Crypt:2:  layout_chaotic_city, grunt_megastairs_2
Depths:1: layout_cave_shapes, kennysheep_minor_cross, hellmouth_1,
          nicolae_hexahallways, kennysheep_small_square, uniq_sojobo
Depths:2: minmay_the_grid_net [minmay_the_grid_x, minmay_the_grid_embedded,
          minmay_the_grid_dragon_b, minmay_the_grid_zigzag_pyramid,
          minmay_the_grid_square_x, minmay_the_grid_prize_four_corners],
          layout_small_grid, enter_ziggurat_a, grunt_hell_entry_dis_grunt,
          chequers_serial_rivers_large_b, pan_entry
Depths:3: evilmike_pillar_path, layout_gridlike, hell_entry,
          amcnicky_mini_pool_small, nicolae_abyss_entry_one_way_or_another,
          minmay_shop_star
Depths:4: lemuel_castle_with_subvaults [lemuel_castle_interior_carwin_1],
          layout_gridville, nicolae_kite_square_tiling_tiny, hell_entry,
          serial_bayou_shore_b, roderic_lattice_octagonal_star
Zot:1:    layout_concentric_octagons
Zot:2:    kennysheep_spiral_hall, layout_twisted_circle, uniq_tiamat
Zot:3:    layout_onion_interference, st_stairs_13
Zot:4:    hellmonk_paralyzer, layout_concentric_octagons, uniq_parghit
Zot:5:    layout_basic

Skill      XL: |  1  2  3  4  5  6  7  8  9 10 11 12 13 14 15 16 17 18 19 20 21 22 23 24 25 26 27 |
---------------+----------------------------------------------------------------------------------+-----
Stealth        | 2 3 4 9 12 | 12.9
Fighting       | 2 3 4 5 7 8 10 12 14 15 16 17 18 19 20 21 | 21.2
Long Blades    | 1 3 4 5 6 8 12 13 14 15 16 20 24 27 | 27.0
Dodging        | 3 4 5 6 8 10 12 14 16 17 19 20 23 24 | 24.8
Shields        | 1 2 3 4 6 7 8 |  8.0
Invocations    | 2 4 6 8 10 12 15 16 | 16.0
Short Blades   | 4 5 |  5.8
Armour         | 3 4 5 6 8 9 |  9.0
Evocations     | 5 6 8 10 11 13 15 16 17 18 19 | 19.2
Throwing       | 4 7 12 13 14 16 | 16.0
Translocations | 2 5 6 8 9 10 | 10.0
Transmutations | 4 5 6 |  6.0
Earth Magic    | 1 2 |  2.0

Action                     |  1- 3 |  4- 6 |  7- 9 | 10-12 | 13-15 | 16-18 | 19-21 | 22-24 | 25-27 || total
---------------------------+-------+-------+-------+-------+-------+-------+-------+-------+-------++-------
  Melee: Club              |    49 |       |       |       |       |       |       |       |       ||    49
         Long sword        |    44 |   197 |       |   218 |  1284 |   826 |       |       |       ||  2569
         Tailslap          |       |     2 |       |     3 |     2 |     4 |       |       |       ||    11
         Dagger            |       |    24 |   414 |   255 |       |       |       |       |       ||   693
         Short sword       |       |       |       |   102 |       |       |       |       |       ||   102
         Falchion          |       |       |       |    37 |       |       |       |       |       ||    37
         Scimitar          |       |       |       |       |       |   518 |  1492 |  2055 |  1399 ||  5464
   Fire: Sling             |       |    38 |    43 |    11 |       |       |       |       |       ||    92
  Throw: Stone             |     3 |     5 |       |       |       |       |       |       |       ||     8
         Dart              |       |     9 |    39 |   158 |   145 |   145 |   124 |    34 |    21 ||   675
         Boomerang         |       |       |     1 |       |     2 |    59 |    73 |   140 |   362 ||   637
         Throwing net      |       |       |       |       |       |     1 |     1 |     8 |     5 ||    15
         Javelin           |       |       |       |       |       |       |    12 |    22 |    73 ||   107
   Cast: Blink             |       |       |       |       |       |     1 |       |       |     1 ||     2
         Manifold Assault  |       |       |       |       |       |       |       |    32 |    55 ||    87
         Apportation       |       |       |       |       |       |       |       |       |     5 ||     5
         Passwall          |       |       |       |       |       |       |       |       |     5 ||     5
 Invoke: Purification      |       |       |     1 |     1 |     2 |    11 |     2 |     3 |     4 ||    24
         Heal Self         |       |       |       |     7 |     2 |     5 |    13 |    11 |     4 ||    42
         Heal Other        |       |       |       |    19 |    26 |    15 |     2 |    13 |       ||    75
         Divine Vigour     |       |       |       |       |       |     1 |     1 |     2 |       ||     4
Ability: Evoke Invisibilit |       |       |       |       |       |     1 |       |     1 |     8 ||    10
  Evoke: Wand              |     4 |     7 |     9 |    24 |    13 |    30 |    11 |     7 |    23 ||   128
         Phantom mirror    |       |       |       |       |     2 |     1 |     1 |     2 |     1 ||     7
         Lightning rod     |       |       |       |       |     2 |    16 |    19 |    12 |    11 ||    60
         Tin of tremorston |       |       |       |       |       |     6 |     6 |     6 |     6 ||    24
         Phial of floods   |       |       |       |       |       |     1 |       |       |       ||     1
    Use: Scroll            |     1 |     5 |     4 |    11 |    15 |    15 |    11 |     4 |    19 ||    85
         Potion            |       |     1 |     1 |       |     5 |     8 |     5 |     4 |    13 ||    37
   Stab: Sleeping          |       |       |     3 |     4 |    10 |     7 |    15 |    16 |     5 ||    60
         Distracted        |       |       |       |     2 |     5 |     3 |     3 |     8 |     7 ||    28
         Held in net/web   |       |       |       |       |       |     5 |     1 |     1 |     4 ||    11
         Invisible         |       |       |       |       |       |     2 |       |    14 |    53 ||    69
 Armour: Ring mail         |    37 |   107 |    58 |       |   108 |   109 |    48 |       |       ||   467
         Steam dragon scal |       |       |    51 |    84 |    32 |       |       |       |       ||   167
         Troll leather arm |       |       |       |       |    20 |       |       |       |       ||    20
         Robe              |       |       |       |       |    24 |    91 |       |       |       ||   115
         Leather armour    |       |       |       |       |    10 |       |   127 |   225 |   158 ||   520
         Skin              |       |       |       |       |       |       |       |       |     8 ||     8
  Dodge: Dodged            |    63 |   146 |   197 |   367 |   877 |  1146 |  1384 |  1840 |  1122 ||  7142
         Repelled          |       |       |       |     2 |    12 |     7 |    14 |    24 |    10 ||    69
  Block: Buckler           |       |    41 |    83 |   152 |   648 |   750 |   556 |   966 |   598 ||  3794
         Reflection        |       |       |       |       |    39 |    36 |       |       |       ||    75

Table legend: (Time is in decaauts)
 A = Elapsed time spent in this place.
 B = Non-inter-level travel time spent in this place.
 C = Inter-level travel time spent in this place.
 D = Time resting spent in this place.
 E = Time spent auto-exploring this place.
 F = Levels seen in this place.
 G = Mean time per level.
                   A        B        C        D        E       F      G
               +--------+--------+--------+--------+--------+-----+--------+
         Total |  88644 |  77130 |  11514 |  18218 |  29710 |  57 | 1555.2 |
       Dungeon |  21728 |  17692 |   4036 |   3495 |   6632 |  15 | 1448.5 |
        Temple |      1 |      1 |      0 |      0 |      0 |   1 |    1.0 |
          Lair |  11234 |   8735 |   2499 |   3058 |   2450 |   5 | 2246.8 |
        Shoals |   5120 |   4840 |    280 |   1481 |   1119 |   4 | 1280.0 |
   Spider Nest |   7133 |   6856 |    277 |   1714 |   2828 |   4 | 1783.2 |
    Slime Pits |   2499 |   2372 |    127 |    468 |    887 |   5 |  499.8 |
  Orcish Mines |   2555 |   1803 |    752 |    205 |    556 |   2 | 1277.5 |
   Elven Halls |   5842 |   5211 |    631 |    730 |   2361 |   3 | 1947.3 |
        Vaults |   7684 |   6628 |   1056 |   1264 |   3501 |   4 | 1921.0 |
         Crypt |   1867 |   1773 |     94 |    443 |    751 |   2 |  933.5 |
        Depths |   8822 |   7807 |   1015 |   1749 |   3636 |   4 | 2205.5 |
           Zot |  11215 |  10472 |    743 |   2415 |   4900 |   5 | 2243.0 |
         Trove |     46 |     46 |      0 |      0 |      0 |   1 |   46.0 |
        Bailey |    527 |    527 |      0 |     83 |     85 |   1 |  527.0 |
      Ice Cave |   2365 |   2365 |      0 |   1110 |      1 |   1 | 2365.0 |
               +--------+--------+--------+--------+--------+-----+--------+

Top non-repeatable levels by time:
   Zot:5: 4051 daAuts
Depths:4: 3244 daAuts
  Lair:5: 3211 daAuts
Spider:3: 3136 daAuts
  Lair:1: 2755 daAuts
   Zot:4: 2644 daAuts
    D:10: 2604 daAuts
   Elf:2: 2484 daAuts
   IceCv: 2365 daAuts
Vaults:3: 2298 daAuts
    D:14: 2235 daAuts
    D:15: 2123 daAuts
Vaults:2: 2070 daAuts
Depths:1: 2022 daAuts
  Lair:2: 2000 daAuts
